 Dungeon Crawl Stone Soup version 0.29.1-13-g9f3cf754e1 (webtiles) character file.

Game seed: 12237454332335459968

43 RapScallion the Trooper (level 3, -2/33 HPs)
             Began as a Hill Orc Fighter on Jan 21, 2023.
             Killed from afar by Sigmund (3 damage)
             ... with a magic dart
             ... on level 2 of the Dungeon.
             The game lasted 00:02:31 (1395 turns).

RapScallion the Trooper (Hill Orc Fighter)          Turns: 1395, Time: 00:02:31

Health: -2/33      AC:  8    Str: 20    XL:     3   Next: 58%
Magic:  3/3        EV:  9    Int:  8    God:
Gold:   133        SH:  0    Dex: 10    Spells: 2/2 levels left

rFire   . . .      SeeInvis .   a - +0 war axe
rCold   + . .      Faith    .   c - +0 buckler
rNeg    . . .      Spirit   .   b - +0 scale mail
rPois   .          Reflect  .   (no helmet)
rElec   .          Harm     .   (no cloak)
rCorr   .          Rampage  .   (no gloves)
Will    .....                   o - +0 pair of boots
Stlth   ..........              (no amulet)
HPRegen 0.11/turn               k - ring of protection from cold
MPRegen 0.08/turn               (no ring)

@: confused
A: no striking features
a: no special abilities


You were on level 2 of the Dungeon.
You visited 1 branch of the dungeon, and saw 2 of its levels.

You collected 133 gold pieces.

Inventory:

Hand Weapons
 a - a +0 war axe (weapon)
Armour
 b - a +0 scale mail (worn)
 c - a +0 buckler (worn)
 o - a +0 pair of boots (worn)
Jewellery
 k - a ring of protection from cold (left hand)
Wands
 g - a wand of iceblast (7)
Scrolls
 f - 2 scrolls of poison {unknown}
 j - a scroll of torment {unknown}
 n - a scroll of fear {unknown}
 p - a scroll of blinking {unknown}
Potions
 d - a potion of might
 e - a potion of cancellation {unknown}
 h - a potion of haste {unknown}
 i - 2 potions of curing {unknown}
 l - a potion of lignification {unknown}
 m - a potion of invisibility {unknown}


   Skills:
 + Level 4.1 Fighting
 + Level 3.4 Axes
 + Level 3.8 Armour
 + Level 0.3 Dodging
 + Level 3.5 Shields


You had 2 spell levels left.
You didn't know any spells.
Your spell library contained the following spells:

 Spells                   Type           Power      Damage    Failure   Level
 Blink                    Tloc           0%         N/A       94%         2
 Lesser Beckoning         Tloc           0%         N/A       99%         3
 Manifold Assault         Tloc           0%         N/A       100%        5


Dungeon Overview and Level Annotations

Branches:
Dungeon (2/15)

Altars:

Annotations:
D:2 Sigmund


Message History

Sigmund mumbles some strange words.
Sigmund flickers and vanishes!
Deactivating autopickup; reactivate with Ctrl-A.
Something hits you but does no damage. Something hits you but does no damage.
You hear some strange, mumbled words.
Something tries to affect you, but you resist.
You hear some strange, mumbled words.
A puff of flame appears from out of thin air!
The puff of flame hits you. Something hits you but does no damage.
You miss something. Something hits you!
You barely miss something. Something hits you.
You miss something. Something hits you but does no damage.
You closely miss something. Something hits you but does no damage.
You hit something.
You hear some strange, mumbled words.
A magic dart appears from out of thin air!
The magic dart hits you.
You miss something. Something hits you.
You miss something. Something hits you but does no damage.
You miss something.
Sigmund appears from thin air!
Reactivating autopickup.
Sigmund says, "You will soon forget everything."
Sigmund casts a spell.
Sigmund flickers and vanishes!
Deactivating autopickup; reactivate with Ctrl-A.
You slash something! Something hits you but does no damage.
You miss something. Something hits you.
You hit something but do no damage. Something hits you.
You slash something! Something hits you!
* * * LOW HITPOINT WARNING * * *
You closely miss something.
You hear some strange, mumbled words.
You are confused.
You miss something.
You hear some strange, mumbled words.
A magic dart appears from out of thin air!
The magic dart hits you.
You die...

.......#.#...##..#
#...
#.......#......### ...
#......##........# ...
#...........####......
#...........# ..##..
#........#### ## .
#####.#### ########.#
#......#@#
#.......{###.#
#............#
#......####### #......
#.....[ #######


There were no monsters in sight!

Vanquished Creatures
  2 dart slugs (D:1)
  2 bats
  6 endoplasms
  A giant cockroach (D:1)
  3 goblins (D:1)
  6 hobgoblins
  3 quokkas
  3 ball pythons
  4 kobolds (D:1)
  4 rats (D:1)
34 creatures vanquished.

Notes
Turn   | Place    | Note
-------+----------+-------------------------------------------
     0 | D:1      | RapScallion the Hill Orc Fighter began the quest for the
                  | Orb.
     0 | D:1      | Reached XP level 1. HP: 19/19 MP: 1/1
    85 | D:1      | Found a faded altar of an unknown god.
   224 | D:1      | Reached XP level 2. HP: 27/27 MP: 2/2
   368 | D:1      | Reached skill level 4 in Fighting
   690 | D:1      | Reached XP level 3. HP: 31/31 MP: 3/3
  1369 | D:2      | Noticed Sigmund
  1393 | D:2      | HP: 1/33 [something (10)]
  1395 | D:2      | Killed from afar by Sigmund

Illustrated notes

Levels and vault maps discovered:
D:1:      matt_arrival_refuge, layout_basic, hellmonk_ecumenical_altar_lost_god,
          minmay_indecisive_spiral
D:2:      layout_rooms, uniq_sigmund

Skill      XL: |  1  2 |
---------------+-------+-----
Fighting       | 4 |  4.1
Axes           | 3 |  3.4
Armour         | |  3.8
Dodging        | |  0.3
Shields        | |  3.5

Action                   || total
-------------------------++-------
Melee: War axe           ||    95
Armor: Scale mail        ||    55
Dodge: Dodged            ||    38
Block: Buckler           ||    15
